 Dungeon Crawl Stone Soup version 0.25-a0-458-g6fc7858b95 (webtiles) character file.

Game seed: 5601620883554749602, levelgen mode: deterministic

8 Gargoyl the Skirmisher (level 2, 0/20 HPs)
             Began as a Centaur Abyssal Knight on Feb 1, 2020.
             Was a Follower of Lugonu.
             Slain by a kobold
             ... wielding a +0 short sword
              (2 damage)
             ... on level 1 of the Dungeon.
             The game lasted 00:00:56 (323 turns).

Gargoyl the Skirmisher (Centaur Abyssal Knight)      Turns: 323, Time: 00:00:57

Health: 0/20       AC:  4    Str: 10    XL:     2   Next: 0%
Magic:  3/3        EV:  9    Int:  7    God:    Lugonu [*.....]
Gold:   19         SH:  0    Dex:  8    Spells: 1/1 levels left

rFire    . . .     SeeInvis .   a - +1 hand axe
rCold    . . .     Gourm    .   (no shield)
rNeg     . . .     Faith    .   b - +0 leather armour
rPois    .         Spirit   .   (no helmet)
rElec    .         Reflect  .   (no cloak)
rCorr    .         Harm     .   (no gloves)
MR       .....                  (no barding)
Stlth    ..........             d - amulet of regeneration
HPRegen  0.46/turn              (no ring)
MPRegen  0.08/turn              (no ring)

@: very quick
A: large, hooves 3, deformed body, [dopey 2], speed 2, [frail 2], tough skin 3,
[weak 2]
a: Depart the Abyss, Renounce Religion


You were on level 1 of the Dungeon.
You worshipped Lugonu.
Lugonu was aware of your devotion.
You were not hungry.

You visited 1 branch of the dungeon, and saw 1 of its levels.
You visited the Abyss 1 time.

You collected 19 gold pieces.

Inventory:

Hand Weapons
 a - a +1 hand axe (weapon)
Armour
 b - a +0 leather armour (worn)
Jewellery
 d - an amulet of regeneration (around neck)
Scrolls
 e - a scroll of amnesia {unknown}
Potions
 f - a potion of agility {unknown}
 g - 2 potions of might {unknown}
 h - 2 potions of curing {unknown}
 i - a potion of flight {unknown}
Comestibles
 c - 2 rations


   Skills:
 + Level 3.2 Fighting
 + Level 1.8 Axes
 * Level 1.5 Armour
 * Level 0.7 Dodging
 * Level 2.2 Invocations


You had one spell level left.
You didn't know any spells.
Your spell library was empty.

Dungeon Overview and Level Annotations

Branches:
Dungeon (1/15)

Altars:


Innate Abilities, Weirdness & Mutations

You have hooves in place of feet.
Armour fits poorly on your strangely shaped body.
You cover ground very quickly.
You have extremely tough skin. (AC +3)
[You are very dopey. (Int -4)]
[You are very frail. (-20% HP)]
[You are very weak. (Str -4)]


Message History

You hit the kobold but do no damage.
The kobold hits you with a +0 short sword.
You barely miss the kobold.
The kobold hits you with a +0 short sword.
You hit the kobold. Your kick misses the kobold.
The kobold is heavily wounded.
The kobold hits you but does no damage.
The kobold hits you with a +0 short sword.
You barely miss the kobold.
The kobold is heavily wounded.
The kobold hits you with a +0 short sword.
* * * LOW HITPOINT WARNING * * *
You closely miss the kobold.
The kobold is heavily wounded.
The kobold hits you with a +0 short sword.
* * * LOW HITPOINT WARNING * * *
You closely miss the kobold.
The kobold is heavily wounded.
The kobold hits you with a +0 short sword.
You die...

##########.## # #..###
########## #####...#
#........# ##...#....
#..!.....# #.........
#.....?..####..#.##...
#$.............#..#...
#.>............##.....
#....@.....##.........
#....K................
#........##....#......
#.$......##..####.....
#....>...##....##.....
###########.##.#..)...
#.##........
#...........
...###......


You could see a kobold.

Vanquished Creatures
  4 bats (D:1)
  A goblin (D:1)
  A hobgoblin (D:1)
  A frilled lizard (D:1)
  A kobold (D:1)
8 creatures vanquished.

Notes
Turn   | Place    | Note
-------+----------+-------------------------------------------
     0 | Abyss:1  | Gargoyl the Centaur Abyssal Knight began the quest for the
                  | Orb.
     0 | Abyss:1  | Reached XP level 1. HP: 19/19 MP: 2/2
    48 | Abyss:1  | Noticed an ancient zyme
    50 | Abyss:1  | Noticed a lich
   140 | Abyss:1  | Noticed a sixfirhy
   144 | Abyss:1  | Noticed a wretched star
   146 | D:1      | Escaped the Abyss
   286 | D:1      | Reached * piety under Lugonu
   310 | D:1      | Reached XP level 2. HP: 20/20 MP: 3/3
   322 | D:1      | HP: 1/20 [kobold/+0 short sword (4)]
   323 | D:1      | Slain by a kobold

Levels and vault maps discovered:
D:1:      minmay_arrival_three_doors, layout_rooms, serial_bayou_crossing

Action                   || total
-------------------------++-------
Melee: Hand axe          ||    25
       Kick              ||     3
Invok: Depart the Abyss  ||     1
  Use: Scroll            ||     1
Armor: Leather armour    ||    14
Dodge: Dodged            ||    11

Table legend:
 A = Non-vault XP
 B = Vault XP
 C = Vault XP percentage of total XP
 D = Non-vault monster count
 E = Vault monster count
 F = Vault count percentage of total count
                 A         B        C        D         E       F
            +---------+---------+-------+---------+---------+-------
      Total |      12 |       0 |   0.0 |       8 |       0 |   0.0
            +---------+---------+-------+---------+---------+-------
        D:1 |      12 |       0 |   0.0 |       8 |       0 |   0.0
            +---------+---------+-------+---------+---------+-------
